 Dungeon Crawl Stone Soup version 0.18.1-48-g4cf74bf (webtiles) character file.

455 Joat the Grappler (level 7, -3/57 HPs)
             Began as a Ghoul Monk on July 30, 2016.
             Was a Believer of Makhleb.
             Slain by atgrul's ghost (5 damage)
             ... on level 4 of the Dungeon.
             The game lasted 00:28:10 (3398 turns).

Joat the Grappler (Ghoul Monk)                      Turns: 3398, Time: 00:28:10

Health: -3/57      AC:  8    Str: 15    XL:     7   Next: 5%
Magic:  7/7        EV: 11    Int:  5    God:    Makhleb [**....]
Gold:   155        SH:  0    Dex: 13    Spells: 1 memorised, 4 levels left

rFire  . . .     SeeInvis .       - Unarmed
rCold  + + +     Gourm    .     s - +1 ring mail {rC+}
rNeg   + + +     Faith    .     (no shield)
rPois  ∞         Spirit   .     t - +0 helmet
rElec  .         Dismiss  .     (no cloak)
rCorr  .         Reflect  .     (no gloves)
SustAt .         Harm     .     k - +0 pair of boots
MR     .....                    (no amulet)
Stlth  +.........               w - ring of wizardry
                                r - ring of protection from cold

@: rotting, not resistant to hostile enchantments, very unstealthy
A: rotting body, claws 1, carnivore 3, cold resistance 1, negative energy
resistance 3, slow regeneration 1, torment resistance, unbreathing
a: Minor Destruction, Renounce Religion


You were on level 4 of the Dungeon.
You worshipped Makhleb.
Makhleb was pleased with you.
You were not hungry.

You visited 2 branches of the dungeon, and saw 5 of its levels.

You collected 155 gold pieces.

Inventory:

Hand Weapons
 i - a +3 whip
 p - a +0 hunting sling
Missiles
 a - 2 tomahawks of returning (quivered)
 m - 61 stones
 q - 48 sling bullets
 v - 22 poisoned needles
 x - 57 arrows
Armour
 k - a +0 pair of boots (worn)
 s - a +1 ring mail of cold resistance (worn)
 t - a +0 helmet (worn)
Jewellery
 r - a ring of protection from cold (left claw)
 w - a ring of wizardry (right claw)
Scrolls
 f - 3 scrolls of remove curse {unknown}
 g - a scroll of fear {unknown}
 h - a scroll of immolation {unknown}
 n - a scroll of blinking {unknown}
 u - 2 scrolls of identify {unknown}
Potions
 c - 2 potions of flight {unknown}
 e - a potion of degeneration {unknown}
 j - a potion of invisibility {unknown}
 l - 2 potions of curing {unknown}
Books
 o - a book of Air

   Spells                             Type                      Level
   a - Shock                          Conjuration/Air              1
   b - Swiftness                      Charms/Air                   2
   c - Repel Missiles                 Charms/Air                   2
   d - Static Discharge               Conjuration/Air              3
   e - Lightning Bolt                 Conjuration/Air              5
Comestibles
 b - a meat ration
 d - a slice of pizza


   Skills:
 - Level 3.5 Fighting
 - Level 2.8 Dodging
 - Level 2.1 Stealth
 - Level 8.3 Unarmed Combat
 + Level 2.5 Invocations


You had 4 spell levels left.
You knew the following spells:

 Your Spells              Type           Power        Failure   Level  Hunger
a - Repel Missiles        Chrm/Air       #.....       77%         2    ###....


Dungeon Overview and Level Annotations

Branches:
Dungeon (4/15)             Temple (1/1) D:4

Altars:
Ashenzari
Cheibriados
Elyvilon
Fedhas
Gozag
Kikubaaqudgha
Makhleb
Nemelex Xobeh
Qazlal
Trog
Vehumet
Xom

Annotations:
D:3 exclusion: downstairs, Blork the orc
D:4 atgrul's ghost, novice GrEE


Innate Abilities, Weirdness & Mutations

Your body is rotting away.
You thrive on raw meat.
You are immune to poison.
You have sharp fingernails.
You are carnivorous and can eat meat at any time.
Your flesh is cold resistant.
You are immune to negative energy.
You regenerate slowly when monsters are visible.
You are immune to unholy pain and torment.
You can survive without breathing.


Message History

Atgrul's ghost hits you.
Atgrul's ghost hits you but does no damage.
You see here a mace.
Things that are here:
a mace; a dagger; a robe Atgrul's ghost points next to you and mumbles some strange words.
The wall shatters!
The blast of rock fragments hits you!
Atgrul's ghost gestures next to you while chanting.
The wall shatters!
The blast of rock fragments hits you!
* * * LOW HITPOINT WARNING * * *
Eat which item? (? for menu, Esc to quit)
You continue eating.
Atgrul's ghost casts a spell next to you.
The wall shatters!
The blast of rock fragments hits you!
* * * LOW HITPOINT WARNING * * *
You continue eating.
You finish eating.
That meat ration really hit the spot!
Eat which item? (? for menu, Esc to quit)
Atgrul's ghost hits you.
You die...

###.# #..#.#.#.#.#.#.#.# #.#
#..#.#...........# ##. #.#
#..#...#.......#.# ###..##.#
#................# #.....#.#
#.#.<..#...>...#.# .##.....#.#
#.#..#...........# ........#.#
#.#....#.......#.# #.....#.#
#.#.##..%........#
..#.....#.####@#.##.#.#.#.#.#..
...........))W>..##............
........#.######.##.##.########
#.#####..... .........
......... .###.### #####.####..
# ..# .. ###


You could see atgrul's ghost.

Vanquished Creatures
  Sigmund (D:3)
  A giant frog skeleton (D:3)
  An orc priest (D:4)
  An orc wizard (D:4)
  Ijyb (D:2)
  Terence (D:3)
  A worker ant (D:4)
  A howler monkey skeleton (D:4)
  5 adders
  An ooze (D:3)
  3 worms
  2 dart slugs (D:2)
  2 giant geckos
  5 orcs
  3 giant cockroaches (D:1)
  5 goblins
  9 hobgoblins
  4 jackals
  A quokka (D:2)
  6 bats
  2 giant newts
  5 kobolds
  10 rats
  6 plants (D:1)
77 creatures vanquished.

Notes
Turn   | Place    | Note
--------------------------------------------------------------
     0 | D:1      | Joat the Ghoul Monk began the quest for the Orb.
     0 | D:1      | Reached XP level 1. HP: 19/19 MP: 0/0
   304 | D:1      | Reached XP level 2. HP: 26/26 MP: 1/1
   863 | D:1      | Reached skill level 5 in Unarmed Combat
  1217 | D:2      | Reached XP level 3. HP: 30/30 MP: 2/2
  1242 | D:2      | Noticed Ijyb
  1261 | D:2      | Killed Ijyb
  1261 | D:2      | Reached skill level 6 in Unarmed Combat
  1261 | D:2      | Reached XP level 4. HP: 27/38 MP: 3/3
  1514 | D:2      | Learned a level 2 spell: Repel Missiles
  1953 | D:3      | Reached XP level 5. HP: 44/44 MP: 4/4
  1982 | D:3      | Noticed Terence
  1998 | D:3      | Killed Terence
  2107 | D:3      | Reached skill level 7 in Unarmed Combat
  2326 | D:3      | Noticed Sigmund
  2340 | D:3      | Killed Sigmund
  2340 | D:3      | Reached skill level 8 in Unarmed Combat
  2340 | D:3      | Reached XP level 6. HP: 24/50 MP: 5/5
  2714 | D:3      | Noticed Blork the orc
  3032 | D:4      | Found a staircase to the Ecumenical Temple.
  3058 | Temple   | Entered the Ecumenical Temple
  3151 | Temple   | Became a worshipper of Makhleb the Destroyer
  3151 | Temple   | Reached * piety under Makhleb
  3151 | Temple   | Reached ** piety under Makhleb
  3273 | D:4      | Reached skill level 1 in Invocations
  3334 | D:4      | Reached XP level 7. HP: 40/55 MP: 5/7
  3371 | D:4      | Noticed atgrul's ghost (novice GrEE)
  3396 | D:4      | HP: 2/57 [atgrul's ghost/blast of rock fragments (7)]
  3398 | D:4      | Slain by atgrul's ghost

Skill      XL: |  1  2  3  4  5  6 |
---------------+-------------------+-----
Unarmed Combat | 5 6 8 |  8.3
Invocations    | 2 |  2.5
Fighting       | |  3.5
Dodging        | |  2.8
Stealth        | |  2.1

Action                   |  1- 3 |  4- 6 |  7- 9 || total
-------------------------+-------+-------+-------++-------
Melee: Unarmed           |   308 |   143 |    11 ||   462
       Punch             |     8 |       |       ||     8
Throw: Tomahawk          |       |     4 |       ||     4
Invok: Minor Destruction |       |       |     2 ||     2
 Stab: Sleeping          |     2 |     1 |       ||     3
  Eat: Chunk             |    12 |    35 |     7 ||    54
       Meat ration       |       |       |     2 ||     2
Armor: Robe              |     2 |       |       ||     2
       Leather armour    |     9 |     3 |       ||    12
       Ring mail         |       |    57 |     2 ||    59
Dodge: Dodged            |    39 |    69 |     5 ||   113
